 Dungeon Crawl Stone Soup version 0.29.1-15-g9cfb28693d (webtiles) character file.

Game seed: 1847689476387509155

70165 croobank the Spry (level 14, -2/71 HPs)
             Began as a Felid Summoner on Mar 9, 2023.
             Was an Initiate of Gozag.
             Slain by a jumping spider (5 damage)
             ... on level 2 of the Lair of Beasts on Mar 10, 2023.
             The game lasted 02:50:04 (36245 turns).

croobank the Spry (Felid Summoner)                 Turns: 36245, Time: 02:50:04

Health: -2/71      AC:  3    Str: 12    XL:     14   Next: 93%
Magic:  31/31      EV: 18    Int: 25    God:    Gozag
Gold:   134        SH:  0    Dex: 15    Spells: 3/38 levels left
                                        Lives:  0   Deaths: 4

rFire   + . .      SeeInvis +   (weapon unavailable)
rCold   + . .      Faith    .   (shield unavailable)
rNeg    + . .      Spirit   .   (body armour unavailable)
rPois   +          Reflect  .   (helmet unavailable)
rElec   .          Harm     .   (cloak unavailable)
rCorr   .          Rampage  .   (gloves unavailable)
Will    ++...                   (boots unavailable)
Stlth   ++........              J - amulet "Rifuil" {RegenMP Fly rPois rF+ rN+}
HPRegen 0.21/turn               y - +6 ring of intelligence
MPRegen 0.62/turn               t - +4 ring of evasion

@: flying, held, quick
A: very small, claws 1, fangs 3, see invisible, speed 1, shaggy fur 3, stealthy
paws, no weapons or thrown items, no armour, multi-lived, strong 2
a: Renounce Religion, Potion Petition, Call Merchant, Bribe Branch


You were on level 2 of the Lair of Beasts.
You worshipped Gozag.
Gozag was aware of your devotion.
You visited 5 branches of the dungeon, and saw 24 of its levels.
You also visited: Bailey.

You collected 6350 gold pieces.
You spent 1866 gold pieces at shops.
You paid 4350 gold pieces to Gozag.

Inventory:

Jewellery
 e - a ring of resist corrosion
 s - a ring of wizardry
 t - a +4 ring of evasion (right paw)
 w - a +4 ring of protection
 x - a ring of ice
 y - a +6 ring of intelligence (left paw)
 E - a ring of protection from fire
 G - a ring of protection from cold
 J - the amulet "Rifuil" (around neck) {RegenMP Fly rPois rF+ rN+}
   (You bought it in a shop on level 2 of the Lair of Beasts)

   [amulet of magic regeneration]

   It increases your rate of magic regeneration.
   rF:        It protects you from fire.
   rPois:     It protects you from poison.
   rN:        It protects you from negative energy.
   Fly:       It grants you flight.
Wands
 n - a wand of polymorph (5)
 o - a wand of roots (16)
 z - a wand of flame (37) (quivered)
 I - a wand of digging (12)
 K - a wand of charming (2)
Scrolls
 f - 6 scrolls of identify
 m - 2 scrolls of fear
 p - 3 scrolls of teleportation
 A - 2 scrolls of immolation
 B - 3 scrolls of amnesia
 C - 2 scrolls of noise
 D - a scroll of poison
 F - 2 scrolls of vulnerability
 H - 4 scrolls of magic mapping
Potions
 b - 6 potions of curing
 c - 2 potions of lignification
 d - 11 potions of haste
 g - 4 potions of resistance
 h - 4 potions of attraction
 i - 7 potions of flight
 j - 7 potions of might
 k - 2 potions of berserk rage
 l - 6 potions of mutation
 q - 6 potions of ambrosia
 r - 4 potions of brilliance
 u - a potion of magic
 v - 2 potions of cancellation


   Skills:
 + Level 13.8 Fighting
 + Level 17.9 Dodging
 - Level 3.4 Stealth
 + Level 12.5 Spellcasting
 - Level 7.0 Hexes
 + Level 10.3 Summonings
 + Level 9.4 Transmutations
 + Level 9.0 Air Magic


You had 3 spell levels left.
You knew the following spells:

 Your Spells              Type           Power      Damage    Failure   Level
a - Summon Small Mammal   Summ           100%       N/A       1%          1
b - Call Imp              Summ           61%        N/A       1%          2
c - Call Canine Familiar  Summ           61%        N/A       1%          3
d - Summon Guardian Gole  Hex/Summ       56%        N/A       1%          3
e - Summon Lightning Spi  Summ/Air       59%        N/A       1%          4
f - Summon Ice Beast      Ice/Summ       41%        N/A       4%          4
g - Ensorcelled Hibernat  Hex/Ice        66%        N/A       1%          2
h - Yara's Violent Unrav  Hex/Tmut       27%        3d12      3%          5
i - Summon Cactus Giant   Summ           30%        N/A       9%          6
j - Summon Mana Viper     Hex/Summ       56%        N/A       3%          5

Your spell library contained the following spells:

 Spells                   Type           Power      Damage    Failure   Level
 Passwall                 Tmut/Erth      32%        N/A       1%          2
 Swiftness                Air            57%        N/A       1%          3
 Tukima's Dance           Hex            50%        N/A       1%          3
 Freeze                   Ice            60%        1d8       3%          1
 Sandblast                Erth           30%        2d9       3%          1
 Ignite Poison            Fire/Tmut/Pois 31%        N/A       3%          3
 Mephitic Cloud           Conj/Pois/Air  30%        N/A       3%          3
 Scorch                   Fire           30%        2d6       6%          2
 Frozen Ramparts          Ice            30%        1d5       12%         3
 Stone Arrow              Conj/Erth      30%        3d8       12%         3
 Ice Form                 Ice/Tmut       39%        N/A       5%          4
 Fulminant Prism          Conj/Hex       16%        3d11      9%          4
 Freezing Cloud           Conj/Ice/Air   15%        6-21      30%         5
 Flame Wave               Conj/Fire      15%        2d7       36%         4
 Hailstorm                Conj/Ice       15%        3d5       36%         4
 Iskenderun's Mystic Bla  Conj/Tloc      15%        2d5       36%         4
 Passage of Golubria      Tloc           15%        N/A       36%         4
 Monstrous Menagerie      Summ           30%        N/A       41%         7
 Storm Form               Tmut/Air       29%        N/A       58%         7
 Lee's Rapid Deconstruct  Erth           7%         3d8*      71%         5
 Maxwell's Capacitive Co  Air            28%        ∞         99%         8


Dungeon Overview and Level Annotations

Branches:
Dungeon (15/15)            Temple (1/1) D:7            Lair (5/5) D:9
 Shoals (0/4) Lair:3       Spider (1/4) Lair:2        Slime (0/5) Lair:5
    Orc (2/2) D:12            Elf (0/3) Orc:2        Vaults (0/5) D:13
 Depths (0/4) D:15         Bailey (visited)

Altars:
Ashenzari
Cheibriados
Dithmenos
Elyvilon
Fedhas
Gozag
Hepliaklqana
Kikubaaqudgha
Makhleb
Nemelex Xobeh
Okawaru
Qazlal
Ru
Sif Muna
Trog
Uskayaw
Vehumet
Wu Jian
Xom
Yredelemnul
Zin
The Shining One

Shops:
D:7 [*   D:12 [   D:14 :   D:15 *   Orc:1 (   Orc:2 (=**[[[(   Lair:2 =
Spider:1 :

Annotations:
D:13 exclusion: downstairs
D:14 1 runed translucent door
D:15 exclusion: fire giant
Orc:1 3 runed translucent doors, nonceun's ghost, journeyman MiBe


Innate Abilities, Weirdness & Mutations

You have sharp claws.
You have razor-sharp teeth.
You have supernaturally acute eyesight. (SInv)
You cover ground quickly. (Speed+)
Your thick and shaggy fur keeps you warm. (AC +3, rC+)
Your paws help you pounce on unaware monsters.
You are incapable of wielding weapons or throwing items.
You cannot wear armour.
You gain extra lives every three experience levels.
Your muscles are very strong. (Str +8, Int/Dex -2)


Message History

The jumping spider misses you. The moth of wrath bites you!!
The demonic crawler closely misses you.
The demonic crawler completely misses you.
The demonic crawler hits you but does no damage.
The jumping spider misses you.
The jumping spider completely misses you.
The roots release their grip on the jumping spider.
The roots release their grip on the demonic crawler.
The roots release their grip on the moth of wrath.
The jumping spider completely misses you.
The jumping spider bites you. The demonic crawler hits you! x2
The demonic crawler completely misses you.
The jumping spider barely misses you. The jumping spider misses you.
The moth of wrath completely misses you.
The jumping spider completely misses you.
The jumping spider barely misses you. The demonic crawler barely misses you.
The demonic crawler misses you.
The demonic crawler completely misses you.
You fly upwards.
Welcome back to the Lair of Beasts!
There is a hole to the Spider Nest, spattered with blood here.
Press: ? - help, v - describe, . - travel
Here: a demonic crawler (lightly wounded)
The floor.
Unknown command.
Unknown command.
Press: ? - help, v - describe, . - travel
Here: a moth of wrath (lightly wounded)
The floor.
Press: ? - help, v - describe, . - travel
Here: a jumping spider (lightly wounded, berserk)
The floor, spattered with blood.
As you read the scroll of fear, it crumbles to dust.
You assume a fearsome visage.
The moth of wrath looks frightened!
The jumping spider is unaffected.
The demonic crawler resists with some effort.
The jumping spider pounces on you!!
* * * LOW HITPOINT WARNING * * *
You are caught in a web!
The jumping spider bites you.
You die...
Your body crumbles into a pile of gold.

#.................##
###.P..###
.##..............## #P....##
##..........P.....#
###....##
#..######..##.#.#####......#
#### #..########.#....###
### #..#######.#....##
##.#####...##.##.#....##
###.#.#PP#..####.##....##
.....#......#..s@∩....##
.........[.....y.s...##
..........P.........##
####.####.##..##..#P# ###
#.########### ###


You could see a demonic crawler, a moth of wrath (fleeing) and a jumping spider
(berserk).

Vanquished Creatures
  An orc high priest (Orc:2)
  An orc sorcerer (Orc:2)
  A kobold demonologist (D:14)
  2 blink frogs (Lair:1)
  A wyvern (D:8)
  5 orc warriors (Orc:2)
  An ogre (Orc:2)
  A killer bee (D:6)
  2 orc priests (Orc:2)
  3 orc wizards (Orc:2)
  2 dart slugs
  4 orcs
  2 ball pythons (D:1)
  An endoplasm (D:1)
  A giant cockroach (D:1)
  3 hobgoblins
  2 quokkas (D:4)
  5 bats
  A frilled lizard (D:3)
  2 kobolds
  2 rats (D:1)
43 creatures vanquished.

Vanquished Creatures (collateral kills)
  Jorgrun (Orc:1)
  Gastronok (Lair:3)
  Kirke (D:12)
  An emperor scorpion (Spider:1)
  Nessos (Lair:3)
  A dire elephant (Lair:5)
  Josephine (Orc:1)
  2 fire dragons
  6 boulder beetles
  A hydra (D:14)
  An ogre mage (Orc:2)
  A death knight (D:14)
  8 centaur warriors
  A two-headed ogre (D:13)
  2 tengu warriors (D:14)
  Urug (Lair:3)
  2 orc high priests
  Nergalle (D:12)
  Sonja (Lair:3)
  3 skeletal warriors (D:14)
  3 deep elf pyromancers
  2 orc knights (Orc:2)
  2 wolf spiders
  7 cyclopes
  4 orc sorcerers (Orc:2)
  3 ugly things
  2 manticores
  An oklob plant (Lair:2)
  A merfolk siren (Lair:3)
  Joseph (D:8)
  A demonic crawler (Spider:1)
  A gargoyle (D:12)
  3 unseen horrors
  11 cane toads
  2 efreet (D:15)
  A rime drake (shapeshifter) (D:13)
  A kobold demonologist (D:10)
  A freezing wraith (D:11)
  3 komodo dragons
  4 yaktaurs (D:15)
  A merfolk (shapeshifter) (D:14)
  3 polar bears
  10 trolls
  2 tarantellas (Spider:1)
  3 hornets (Lair:5)
  10 slime creatures
  9 blink frogs
  4 dream sheep (Lair:5)
  7 spriggans (Lair:5)
  A shadow (D:11)
  3 wyverns
  24 yaks
  A yak (shapeshifter) (D:14)
  3 vampires
  10 wraiths
  6 hogs (D:12)
  4 basilisks
  4 culicivoras
  20 vampire mosquitoes
  A steam dragon (D:10)
  4 redbacks (Spider:1)
  8 wargs
  Menkaure (D:7)
  10 water moccasins
  3 black bears
  20 orc warriors
  A sky beast (D:7)
  3 centaurs
  2 ice beasts
  5 ogres
  2 boggarts (Lair:5)
  13 wolves (Lair:5)
  A nameless horror (D:15)
  4 kobold brigands
  8 bullfrogs
  2 necrophages
  3 scorpions
  5 killer bees
  2 howler monkeys
  2 hounds
  10 orc priests
  2 jellies
  An iguana (D:5)
  A gnoll bouda (D:8)
  19 orc wizards
  16 gnolls
  8 adders
  2 white imps
  An ufetubus (D:7)
  A worm (D:2)
  4 dart slugs
  72 orcs
  4 endoplasms
  3 giant cockroaches
  3 goblins
  2 hobgoblins (D:2)
  11 kobolds
  2 quokkas
  3 ball pythons
  A bat (D:1)
  A frilled lizard (D:2)
  2 rats
485 creatures vanquished.

Vanquished Creatures (others)
  2 orc warlords (Orc:2)
  A boulder beetle (D:14)
  4 hydras
  A two-headed ogre (D:13)
  2 death knights
  3 centaur warriors (D:14)
  3 skeletal warriors
  A goliath frog (shapeshifter) (D:13)
  A wizard (D:14)
  4 orc knights
  6 ugly things
  A deep elf pyromancer (D:14)
  A cyclops (Orc:2)
  6 cane toads
  2 komodo dragons (Lair:5)
  A tengu conjurer (D:14)
  A freezing wraith (D:14)
  2 polar bears (Lair:5)
  2 hornets (Lair:5)
  A slime creature (D:14)
  2 dream sheep (Lair:5)
  7 spriggans (Lair:5)
  2 wyverns
  3 wraiths
  A hog (D:12)
  12 yaks
  2 wargs (D:9)
  6 orc warriors
  An ice beast (D:6)
  A black bear (Lair:5)
  4 wolves (Lair:5)
  2 boggarts (Lair:5)
  A hornet simulacrum (D:15)
  A nameless horror (D:11)
  2 orc priests (Orc:1)
  A gnoll bouda (D:5)
  2 orc wizards
  A boggart simulacrum (D:15)
  5 gnolls
  4 orcs
  49 fungi
  31 plants
  2 withered plants (D:1)
187 creatures vanquished.

Grand Total: 715 creatures vanquished

Notes
Turn   | Place    | Note
-------+----------+-------------------------------------------
     0 | D:1      | croobank the Felid Summoner began the quest for the Orb.
     0 | D:1      | Reached XP level 1. HP: 7/7 MP: 4/4
   478 | D:1      | Reached skill level 3 in Dodging
   478 | D:1      | Reached XP level 2. HP: 11/11 MP: 6/6
   847 | D:1      | Found a faded altar of an unknown god.
  1154 | D:2      | Learned a level 2 spell: Call Imp
  1321 | D:2      | Reached XP level 3. HP: 14/14 MP: 2/7
  1325 | D:2      | Learned a level 3 spell: Call Canine Familiar
  1897 | D:2      | Found a shimmering altar of Xom.
  2432 | D:3      | Reached XP level 4. HP: 17/18 MP: 1/9
  2521 | D:3      | Reached skill level 1 in Fighting
  2856 | D:3      | Reached skill level 4 in Dodging
  3068 | D:3      | Learned a level 3 spell: Summon Guardian Golem
  3220 | D:4      | Reached XP level 5. HP: 22/22 MP: 4/10
  3334 | D:4      | Reached skill level 1 in Hexes
  3874 | D:4      | Reached skill level 5 in Summonings
  3874 | D:4      | Gained mutation: You are covered in thick fur. (AC +2)
                  | [Felid growth]
  3874 | D:4      | Reached XP level 6. HP: 26/26 MP: 1/12
  4416 | D:5      | Entered Level 5 of the Dungeon
  4741 | D:5      | Reached skill level 5 in Dodging
  4864 | D:5      | Reached XP level 7. HP: 30/30 MP: 5/13
  4869 | D:5      | Learned a level 4 spell: Summon Lightning Spire
  6373 | D:6      | Reached skill level 1 in Air Magic
  6620 | D:6      | Reached XP level 8. HP: 26/34 MP: 13/15
  6627 | D:6      | Reached skill level 6 in Dodging
  7238 | D:7      | Reached skill level 5 in Hexes
  7323 | D:7      | Found a flagged portal.
  7497 | Bailey   | Entered a bailey
  7943 | Bailey   | Reached skill level 5 in Spellcasting
  8237 | D:7      | Found Gufroufe's CLEARANCE SALE!.
  8276 | D:7      | Reached skill level 7 in Dodging
  8276 | D:7      | Reached XP level 9. HP: 30/39 MP: 12/17
  8285 | D:7      | Killed by an exploding themself... ignited by their inner
                  | flame
  8286 | D:7      | Reached XP level 8. HP: -23/36 MP: 16/16
  8309 | D:7      | Found Acamo's Antique Armour Emporium.
  8659 | D:7      | Found a bloodstained altar of Trog.
  8740 | D:7      | Noticed Menkaure
  8754 | D:7      | Killed Menkaure
  9129 | D:7      | Found a staircase to the Ecumenical Temple.
  9139 | Temple   | Entered the Ecumenical Temple
  9247 | Temple   | Became a worshipper of Gozag Ym Sagoz the Greedy
  9512 | D:7      | Bought a potion of flight for 18 gold pieces
  9512 | D:7      | Bought a +6 ring of intelligence for 216 gold pieces
  9530 | D:8      | Noticed a centaur warrior
  9530 | D:8      | Noticed an unseen horror
  9823 | D:8      | Killed an unseen horror
  9824 | D:8      | Reached skill level 5 in Fighting
  9918 | D:8      | Reached skill level 5 in Air Magic
 10006 | D:8      | Reached XP level 9. HP: 40/40 MP: 15/18
 10085 | D:8      | Killed a centaur warrior
 10086 | D:8      | Reached skill level 8 in Dodging
 10257 | D:8      | Noticed Joseph
 10269 | D:8      | Killed Joseph
 10464 | D:8      | Noticed a green ugly thing
 10481 | D:8      | Killed a green ugly thing
 10630 | D:9      | Noticed a troll
 10639 | D:9      | Killed a troll
 11348 | D:9      | Reached XP level 10. HP: 45/45 MP: 20/20
 11406 | D:9      | Reached skill level 9 in Dodging
 11431 | D:9      | Found a staircase to the Lair.
 11951 | D:8      | Noticed a centaur warrior
 11959 | D:8      | Killed a centaur warrior
 12101 | D:10     | Entered Level 10 of the Dungeon
 12329 | D:10     | Learned a level 4 spell: Summon Ice Beast
 13342 | D:11     | Reached skill level 10 in Dodging
 13558 | D:11     | Reached XP level 11. HP: 50/50 MP: 13/22
 13589 | D:11     | Noticed a death knight
 13589 | D:11     | Noticed a skeletal warrior
 13607 | D:11     | Killed a skeletal warrior
 13624 | D:11     | Killed a death knight
 13881 | D:11     | HP: 1/51 [manticore/volley of spikes (17)]
 13881 | D:11     | Slain by a nameless horror
 13882 | D:11     | Reached XP level 10. HP: -4/48 MP: 12/22
 14039 | D:11     | Killed a manticore
 14927 | Lair:1   | Entered Level 1 of the Lair of Beasts
 14939 | Lair:1   | Noticed a boulder beetle
 14958 | Lair:1   | Killed a boulder beetle
 14959 | Lair:1   | Reached skill level 11 in Dodging
 15138 | Lair:1   | Gained mutation: You expend magic power (3 MP) to
                  | strengthen your wands. [potion of mutation]
 15138 | Lair:1   | Gained mutation: Your muscles are strong. (Str +4, Int/Dex
                  | -1) [potion of mutation]
 15138 | Lair:1   | Gained mutation: Your muscles are very strong. (Str +8,
                  | Int/Dex -2) [potion of mutation]
 15171 | Lair:1   | Slain by a blink frog
 15172 | Lair:1   | Reached XP level 9. HP: -2/44 MP: 13/22
 15237 | Lair:1   | Noticed a cane toad
 15564 | Lair:1   | Reached XP level 10. HP: 48/48 MP: 16/23
 15592 | Lair:1   | Noticed a seven-headed hydra
 15604 | Lair:1   | Killed a seven-headed hydra
 15621 | Lair:1   | Killed a cane toad
 15663 | Lair:1   | Noticed an eight-headed hydra
 15675 | Lair:1   | Killed an eight-headed hydra
 15676 | Lair:1   | Reached skill level 12 in Dodging
 15676 | Lair:1   | Reached skill level 10 in Summonings
 16233 | Lair:2   | Noticed a cane toad
 16236 | Lair:2   | Noticed a cane toad
 16253 | Lair:2   | Killed a cane toad
 16253 | Lair:2   | Killed a cane toad
 16254 | Lair:2   | Reached XP level 11. HP: 14/53 MP: 16/24
 16848 | Lair:2   | Noticed an oklob plant
 17276 | Lair:2   | Found a hole to the Spider Nest.
 17540 | Lair:2   | Killed an oklob plant
 17695 | Lair:3   | Noticed Gastronok
 17709 | Lair:3   | HP: 1/53 [Gastronok/the air (28)]
 18066 | Lair:2   | Learned a level 2 spell: Ensorcelled Hibernation
 18093 | Lair:3   | Noticed Urug
 18120 | Lair:3   | Killed Urug
 18121 | Lair:3   | Reached skill level 13 in Dodging
 18128 | Lair:3   | Noticed Nessos
 18210 | Lair:3   | Killed Nessos
 18793 | Lair:3   | Reached skill level 10 in Fighting
 18874 | Lair:3   | Killed Gastronok
 18998 | Lair:3   | Found a staircase to the Shoals.
 19116 | Lair:3   | Noticed Sonja
 19164 | Lair:3   | Killed Sonja
 19424 | Lair:3   | Reached skill level 10 in Spellcasting
 19424 | Lair:3   | Gained mutation: Your thick and shaggy fur keeps you warm.
                  | (AC +3, rC+) [Felid growth]
 19424 | Lair:3   | Reached XP level 12. HP: 58/58 MP: 25/27
 19551 | Lair:3   | Reached skill level 14 in Dodging
 20009 | Lair:4   | Noticed a boulder beetle
 20037 | Lair:4   | Killed a boulder beetle
 20274 | Lair:5   | Entered Level 5 of the Lair of Beasts
 20314 | Lair:5   | Reached skill level 1 in Transmutations
 20744 | Lair:5   | Noticed a dire elephant
 20795 | Lair:5   | Killed a dire elephant
 21038 | Lair:5   | Found a staircase to the Slime Pits.
 21093 | Lair:5   | Reached skill level 15 in Dodging
 21592 | Lair:5   | Reached XP level 13. HP: 55/63 MP: 25/28
 23991 | D:12     | Noticed Nergalle
 24040 | D:13     | Reached skill level 5 in Transmutations
 24368 | D:12     | Found a staircase to the Orcish Mines.
 24657 | D:12     | Noticed Kirke
 24668 | D:12     | Killed Kirke
 24733 | D:12     | Reached skill level 16 in Dodging
 24878 | D:12     | Found Umodd's Armour Emporium.
 25041 | D:12     | Killed Nergalle
 26018 | Orc:1    | Entered Level 1 of the Orcish Mines
 26056 | Orc:1    | Found Kaunav's Weapon Shoppe.
 26059 | Orc:1    | Noticed Josephine
 26207 | Orc:1    | Killed Josephine
 26371 | Orc:1    | Found a runed translucent gate.
 26372 | Orc:1    | Found a runed translucent gate.
 26372 | Orc:1    | Noticed a merfolk javelineer
 26373 | Orc:1    | Found a runed translucent gate.
 26373 | Orc:1    | Noticed nonceun's ghost (journeyman MiBe)
 26374 | Orc:1    | Noticed a minotaur
 26657 | Orc:1    | Found an iron altar of Okawaru.
 26699 | Orc:2    | Entered Level 2 of the Orcish Mines
 26700 | Orc:2    | Found a radiant altar of Vehumet.
 27047 | Orc:1    | Noticed Jorgrun
 27058 | Orc:1    | Killed Jorgrun
 27352 | Orc:2    | Found Roysk's Antique Weapon Emporium.
 27382 | Orc:2    | Noticed an orc warlord
 27535 | Orc:2    | Found Paits's Mass Market.
 27575 | Orc:2    | Reached XP level 14. HP: 43/69 MP: 21/30
 27633 | Orc:2    | Slain by an orc knight
 27634 | Orc:2    | Reached XP level 13. HP: -2/65 MP: 11/29
 27634 | Orc:2    | Found Jacuur's Jewellery Shop.
 27915 | Orc:1    | Learned a level 5 spell: Yara's Violent Unravelling
 28459 | Orc:2    | Gained mutation: You do not regenerate when monsters are
                  | visible. [mutagenic glow]
 28472 | Orc:2    | Lost mutation: You expend magic power (3 MP) to strengthen
                  | your wands. [potion of mutation]
 28472 | Orc:2    | Lost mutation: You do not regenerate when monsters are
                  | visible. [potion of mutation]
 28472 | Orc:2    | Lost mutation: Your muscles are very strong. (Str +8,
                  | Int/Dex -2) [potion of mutation]
 28472 | Orc:2    | Gained mutation: Your muscles are very strong. (Str +8,
                  | Int/Dex -2) [potion of mutation]
 28665 | Orc:2    | Found a staircase to the Elven Halls.
 28676 | Orc:2    | Found Ruophuac's Antique Armour Emporium.
 28787 | Orc:2    | Found Weuv's General Store.
 28788 | Orc:2    | Found Giumubaz's Antique Armour Boutique.
 28845 | Orc:2    | Found Peoperghusam's Antique Armour Emporium.
 28849 | Orc:2    | Found Aptoh's Antique Weapon Shoppe.
 29326 | Orc:2    | Noticed an orc warlord
 29339 | Orc:2    | Killed an orc warlord
 29350 | Orc:2    | Killed an orc warlord
 30293 | D:13     | Reached skill level 17 in Dodging
 30674 | D:13     | Noticed a fire dragon
 30704 | D:13     | Noticed an ettin
 30709 | D:13     | Killed a fire dragon
 30712 | D:13     | an ettin changed into a goliath frog
 31156 | D:13     | Found a gate to the Vaults.
 31315 | D:14     | Reached XP level 14. HP: 70/70 MP: 17/31
 31799 | D:14     | Identified the +8 falchion of Suicidal Tendencies {flame,
                  | rF++ rC- rN+ rCorr}
 32400 | D:14     | Found Calug's Book Emporium.
 32403 | D:14     | Bought a book of Beasts for 532 gold pieces
 32403 | D:14     | Bought a Trismegistus Codex for 392 gold pieces
 32650 | D:14     | Found a runed translucent door.
 32987 | D:14     | Learned a level 6 spell: Summon Cactus Giant
 33720 | D:15     | Entered Level 15 of the Dungeon
 33734 | D:15     | Learned a level 5 spell: Summon Mana Viper
 34494 | D:15     | Found a staircase to the Depths.
 34494 | D:15     | Noticed a fire giant
 34972 | D:15     | Found Ycrehuna's Neck Hole.
 35843 | Spider:1 | Entered Level 1 of the Spider Nest
 35843 | Spider:1 | Noticed an emperor scorpion
 35864 | Spider:1 | Killed an emperor scorpion
 36226 | Lair:2   | Bought the amulet "Rifuil" {RegenMP Fly rPois rF+ rN+} for
                  | 708 gold pieces
 36243 | Spider:1 | Noticed a ghost moth
 36243 | Spider:1 | Noticed a broodmother
 36245 | Lair:2   | HP: 3/71 [jumping spider (22)]
 36245 | Lair:2   | Slain by a jumping spider

Illustrated notes

Levels and vault maps discovered:
D:1:      lemuel_arrival_room, layout_basic,
          shapermc_ecumenical_altar_flowoftime
D:2:      layout_basic, basic_altar, kennysheep_donut
D:3:      cheibrodos_pilgrimage, layout_rooms, minmay_misc_feat_four_crosses,
          kennysheep_decorative_pillar
D:4:      layout_gridville
D:5:      layout_gridville
D:6:      layout_cave_pools, serial_glass, glass_columns_a, glass_columns_b,
          grunt_decor_clamped, nicolae_concentric_dashed_squares_wild
D:7:      layout_loops_ring, trog_ov_bears_minmay, temple_hall, enter_bailey_8,
          serial_shops, nicolae_shop_overgrown_old_shop, nicolae_shop_clearance,
          uniq_menkaure
D:8:      minmay_diamond_stairs, layout_rooms, minivault_25,
          nicolae_two_hexagons, hangedman_abyss_or_decor_stagger,
          nicolae_wand_duel, minivault_19, uniq_joseph
D:9:      layout_grid_maze, erik_lair_orcish_takeover
D:10:     layout_gridville
D:11:     layout_irregular_city, serial_glass, glass_columns_a, glass_columns_b,
          roderic_serpentine_path
D:12:     layout_big_octagon, david_orc_3, serial_shops, nicolae_shop_crystal,
          drop_trap, hangedman_abyss_or_decor_stabs, uniq_kirke, uniq_nergalle
D:13:     layout_stronghold, david_vaults_4, reono_crystal_passage
D:14:     minmay_s_stair_smasher, layout_long_grid, serial_shops,
          nicolae_shop_behind_doors, minivault_25, serial_bayou_pond_a,
          minmay_hidden_floor
D:15:     grunt_enter_depths_giant_problem, layout_stronghold,
          nicolae_shop_sticking_my_neck_out
Temple:   mainiacjoe_temple_hex_bubbles
Lair:1:   layout_loops_ring
Lair:2:   layout_concentric_octagons, dummy_spider_entry
Lair:3:   layout_chaotic_city, minmay_shoals_entry_lonely_mermaid, uniq_urug,
          uniq_sonja, uniq_nessos, uniq_gastronok
Lair:4:   layout_big_grid
Lair:5:   minmay_lair_end_enchanted_forest, layout_loops_ring, slime_entry_1,
          grunt_forest_small_clearings, serial_bayou_crossing
Spider:1: layout_spider_delve, drop_trap, nicolae_spider_altar_of_dancing,
          uniq_aizul
Orc:1:    layout_caves, serial_shops, nicolae_shop_bloodbath_and_beyond,
          gammafunk_ghost_fury_of_okawaru, uniq_josephine, uniq_jorgrun
Orc:2:    grunt_orc_gardens, layout_caves, grunt_orc_garden, grunt_orc_garden,
          grunt_orc_garden, grunt_orc_garden, basic_altar, minmay_shop_mass,
          guppyfry_orc_lava_fort

Skill      XL: |  1  2  3  4  5  6  7  8  9 10 11 12 13 14 |
---------------+-------------------------------------------+-----
Stealth        | 3 |  3.4
Dodging        | 3 4 5 7 8 12 13 15 17 | 17.9
Fighting       | 1 2 3 5 6 9 10 11 13 | 13.8
Spellcasting   | 3 4 5 6 8 10 12 | 12.5
Hexes          | 2 3 4 5 7 |  7.0
Summonings     | 5 7 10 9 | 10.3
Air Magic      | 1 5 6 7 8 9 |  9.0
Transmutations | 3 8 9 |  9.4

Action                   |  1- 3 |  4- 6 |  7- 9 | 10-12 | 13-15 || total
-------------------------+-------+-------+-------+-------+-------++-------
Melee: Unarmed           |    56 |    36 |    26 |    40 |    67 ||   225
       Bite              |     9 |     4 |     1 |     4 |     7 ||    25
       Punch             |     1 |     1 |       |     1 |       ||     3
 Cast: Summon Small Mamm |    31 |    41 |    53 |    22 |    19 ||   166
       Call Imp          |     7 |    15 |    17 |    12 |    13 ||    64
       Call Canine Famil |    10 |    23 |    51 |    58 |    57 ||   199
       Summon Guardian G |       |     4 |    31 |    51 |    99 ||   185
       Summon Lightning  |       |       |    36 |   105 |   153 ||   294
       Summon Ice Beast  |       |       |     2 |    37 |    32 ||    71
       Ensorcelled Hiber |       |       |       |     5 |     7 ||    12
       Yara's Violent Un |       |       |       |       |    22 ||    22
       Summon Mana Viper |       |       |       |       |    15 ||    15
       Summon Cactus Gia |       |       |       |       |    13 ||    13
Invok: Potion Petition   |       |       |       |     1 |     4 ||     5
       Call Merchant     |       |       |       |       |     2 ||     2
Evoke: Wand              |       |       |     3 |    11 |    13 ||    27
  Use: Scroll            |     2 |       |    12 |    11 |    10 ||    35
       Potion            |       |     2 |       |    11 |     5 ||    18
 Stab: Sleeping          |     4 |     3 |       |     1 |     3 ||    11
       Distracted        |     1 |       |     1 |     1 |       ||     3
Armor: Skin              |     1 |     3 |     4 |    16 |     6 ||    30
Dodge: Dodged            |    32 |    37 |   116 |   160 |   272 ||   617
